Map: Ruby Rock LE

Players

DmitryK - Winner!

  • Race: Terran Terran
  • League: Platinum
  • Spawn Location: 11:00

Zoxis

  • Race: Protoss Protoss
  • League: Platinum
  • Spawn Location: 5:00

VOD

Have the link to the VOD?

Description

Time

  • Played on: April 10, 2026, 11:39 a.m.
  • Length: 11:55
Show
View Real Time Build Order
Export as new Build Order

DmitryK Terran - Winner!

Build Orders: Mech 

Get SALT Encoding   

  12  0:00  SCV  
  13  0:12  SCV  
  14  0:17  Supply Depot  
  14  0:24  SCV  
  15  0:38  SCV  
  15  0:39  Barracks  
  16  0:44  Refinery  
  16  0:50  SCV  
  16  0:52  Refinery  
  17  1:02  SCV  
  18  1:06  Supply Depot  
  18  1:14  SCV  
  19  1:26  Reaper  
  19  1:27  SCV  
  22  1:42  Orbital Command  
  22  1:46  Factory  
  21  1:58  Barracks Reactor  
  21  2:08  SCV  
  22  2:20  SCV  
  23  2:27  Command Center  
  23  2:32  SCV  
  23  2:36  Factory Tech Lab  
  24  2:44  SCV  
  24  2:48  Marine x2  
  27  2:56  SCV  
  28  3:02  Siege Tank  
  31  3:10  Starport  
  31  3:25  Supply Depot  
  31  3:26  Marine x2, SCV  
  34  3:34  Siege Tank  
  37  3:38  SCV  
  38  3:42  Refinery  
  38  3:44  Marine x2, Orbital Command  
  40  3:48  Starport Tech Lab  
  40  3:50  SCV  
  41  4:02  Marine  
  42  4:03  SCV  
  42  4:07  Cloaking Field  
  43  4:10  Banshee  
  43  4:14  SCV  
  43  4:15  SCV  
  51  4:24  Siege Tank  
  51  4:25  Marine x2  
  51  4:28  SCV  
  55  4:31  SCV  
  55  4:41  SCV  
  55  4:44  Marine  
  55  4:45  Marine  
  57  4:50  SCV  
  57  4:52  Supply Depot  
  58  4:53  SCV  
  62  5:00  Siege Tank  
  62  5:05  Engineering Bay  
  62  5:10  Supply Depot  
  62  5:14  Banshee, SCV x2  
  67  5:21  Factory  
  67  5:23  Factory  
  67  5:25  Marine x2  
  67  5:27  SCV  
  70  5:31  SCV  
  71  5:39  SCV  
  71  5:40  Supply Depot  
  72  5:43  SCV  
  73  5:52  SCV  
  73  5:55  SCV  
  75  6:03  Siege Tank  
  75  6:04  Marine x2  
  77  6:06  SCV  
  77  6:07  SCV  
  77  6:09  Refinery  
  81  6:13  Supply Depot  
  81  6:14  Supply Depot  
  81  6:19  Supply Depot  
  81  6:24  Supply Depot  
  78  6:33  Factory Tech Lab  
  78  6:34  Factory Reactor  
  78  6:37  SCV  
  78  6:38  Armory  
  78  6:39  Missile Turret  
  79  6:45  Missile Turret  
  79  6:47  SCV  
  80  7:07  Siege Tank x2  
  82  7:08  Marine x2  
  84  7:18  Bunker  
  84  7:20  Hellion x2  
  88  7:26  Marine  
  89  7:35  SCV  
  90  7:39  Hellion, SCV  
  90  7:43  Armory  
  92  7:50  Command Center  
  91  7:53  Hellbat x2  
  95  7:59  Bunker  
  95  8:05  Supply Depot  
  95  8:10  Siege Tank  
  95  8:11  Hellbat  
  100  8:28  SCV  
  100  8:29  SCV  
  100  8:32  Siege Tank  
  105  8:36  Infernal Pre-Igniter  
  105  8:41  SCV x2  
  107  8:42  Siege Tank  
  107  8:45  Missile Turret  
  107  8:47  Missile Turret  
  110  9:07  Siege Tank  
  110  9:08  Hellbat x2  
  110  9:09  SCV  
  118  9:14  Siege Tank  
  121  9:20  Terran Vehicle Weapons Level 1  
  121  9:22  Starport  
  121  9:30  Hellbat  
  123  9:32  Refinery  
  123  9:39  Siege Tank  
  126  9:46  Raven  
  126  9:47  SCV x2  
  126  9:49  Hellbat x2  
  126  9:51  Hellbat  
  136  9:57  Refinery  
  121  10:08  SCV x2  
  121  10:10  Siege Tank, Hellbat  
  121  10:11  Siege Tank  
  121  10:13  Orbital Command  
  131  10:15  Starport Reactor  
  129  10:32  Raven  
  131  10:40  Factory  
  131  10:42  Siege Tank  
  134  10:49  Hellbat x2  
  130  11:06  Viking  
  130  11:09  Siege Tank  
  131  11:15  Viking x2  
  131  11:16  SCV  
  136  11:19  Factory x2  
  136  11:21  SCV  
  137  11:26  Factory Tech Lab  
  137  11:27  Hellbat x2  
Show
View Real Time Build Order
Export as new Build Order

Zoxis Protoss 

Build Orders: Nexus First 

Get SALT Encoding   

  12  0:12  Probe  
  13  0:24  Probe  
  14  0:45  Probe  
  14  0:48  Nexus  
  15  1:02  Pylon  
  15  1:20  Probe  
  15  1:22  Gateway  
  16  1:27  Forge  
  16  1:36  Probe  
  16  1:45  Probe  
  16  1:47  Pylon  
  17  1:55  Assimilator  
  17  1:56  Probe  
  17  2:00  Probe  
  19  2:08  Probe  
  20  2:12  Cybernetics Core  
  20  2:13  Probe  
  21  2:39  Photon Cannon  
  21  2:40  Pylon  
  19  3:03  Photon Cannon  
  19  3:06  Stalker  
  21  3:13  Probe x2  
  23  3:25  Photon Cannon, Stalker, Probe x2  
  25  3:37  Probe x2  
  25  3:38  Assimilator  
  29  3:49  Probe x2  
  29  3:53  Pylon  
  29  3:55  Zealot  
  33  3:57  Warp Gate  
  33  4:01  Probe  
  33  4:02  Probe  
  35  4:10  Probe  
  35  4:13  Probe  
  37  4:24  Protoss Ground Weapons Level 1  
  37  4:26  Gateway  
  37  4:27  Gateway  
  37  4:31  Gateway  
  37  4:33  Probe x2  
  39  4:44  Probe  
  40  4:47  Stalker  
  40  4:49  Probe  
  43  4:52  Probe  
  43  4:57  Probe  
  44  5:02  Assimilator  
  44  5:05  Assimilator  
  45  5:11  Stalker, Twilight Council  
  45  5:12  Stalker  
  45  5:13  Pylon  
  47  5:17  Stalker  
  51  5:22  Stalker  
  51  5:26  Probe  
  54  5:29  Probe  
  55  5:38  Probe  
  55  5:41  Probe  
  57  5:50  Probe  
  57  5:54  Probe  
  53  5:58  Stalker  
  53  5:59  Stalker x2  
  53  6:04  Stalker  
  61  6:18  Pylon  
  61  6:19  Stalker x3  
  61  6:20  Pylon  
  61  6:22  Pylon  
  53  6:36  Stalker x2  
  53  6:37  Stalker x2  
  61  6:55  Shield Battery  
  61  6:57  Sentry  
  61  6:58  Shield Battery  
  51  7:12  Stalker  
  51  7:13  Stalker x3  
  51  7:19  Stalker x2  
  55  7:27  Pylon  
  55  7:35  Charge  
  51  7:38  Stalker  
  49  7:49  Zealot x3  
  53  7:54  Gateway  
  53  7:56  Gateway  
  53  8:00  Gateway  
  53  8:01  Gateway  
  53  8:02  Stalker  
  55  8:11  Zealot x2  
  59  8:26  Zealot  
  59  8:33  Zealot x2  
  62  8:58  Pylon  
  62  8:59  Pylon  
  62  9:00  Pylon  
  62  9:02  Pylon  
  62  9:19  Stalker x2  
  62  9:20  Stalker x5  
  76  9:43  Sentry  
  76  9:44  Stalker x3  
  76  9:45  Zealot x2  
  88  9:51  Sentry  
  62  10:08  Stalker  
  64  10:17  Dark Shrine  
  40  11:29  Dark Templar x2  
  40  11:30  Dark Templar x3  
Tags
 
Composition
Mech
Matchup
ПvТ
Spawn Locations
Cross Positions
Add a new tag
Caveats
  • Supply blocks, unpowered buildings, or Contaminate may cause inaccurate times.
  • Supply counts are checked every 10 seconds.